 Dungeon Crawl Stone Soup version 0.17-a0-1181-gabc46e6 (webtiles) character file.

381 Murumi the Covered (level 7, -7/56 HPs)
             Began as a Formicid Fighter on May 31, 2015.
             Mangled by an ogre
             ... wielding a +0 giant spiked club
              (13 damage)
             ... on level 3 of the Dungeon.
             The game lasted 00:13:22 (3225 turns).

Murumi the Covered (Formicid Fighter)               Turns: 3225, Time: 00:13:22

Health: -7/56      AC: 11    Str: 23    XL:     7   Next: 5%
Magic:  7/7        EV:  7    Int:  7    God:
Gold:   151        SH: 10    Dex: 10    Spells: 0 memorised, 6 levels left

rFire  . . .     SeeInvis +     a - +1 long sword
rCold  . . .     Clarity  .     f - +0 chain mail
rNeg   . . .     SustAt   .     c - +0 shield
rPois  .         Gourm    .     (helmet unavailable)
rElec  .         Spirit   .     q - +0 cloak
rCorr  .         Warding  .     (no gloves)
rMut   .         Stasis   +     (no boots)
MR     .....                    (no amulet)
Stlth  ..........               (no ring)
                                (no ring)

@: not resistant to hostile enchantments, extremely unstealthy
A: permanent stasis, dig shafts and tunnels, four strong arms, antennae 3
a: Dig, Shaft Self


You were on level 3 of the Dungeon.
You were not hungry.

You visited 1 branch of the dungeon, and saw 3 of its levels.

You collected 151 gold pieces.

Inventory:

Hand weapons
 a - a +1 long sword (weapon)
Missiles
 h - 25 bolts
Armour
 c - a +0 shield (worn)
 f - a +0 chain mail (worn)
 q - a +0 cloak (worn)
Magical devices
 o - a wand of fireball (7)
Scrolls
 i - a scroll of remove curse
 r - a scroll of fog
Potions
 b - 2 potions of brilliance
 d - a potion of might
 g - 3 potions of flight
 j - 2 potions of agility
 m - a potion of heal wounds {unknown}
 p - a potion of curing {unknown}
Comestibles
 e - 2 bread rations
 k - 2 meat rations
 l - a beef jerky
 n - a slice of pizza


   Skills:
 - Level 5.0 Fighting
 - Level 2.0 Long Blades
 - Level 6.0 Armour
 - Level 2.0 Dodging
 + Level 4.6 Shields


You had 6 spell levels left.
You didn't know any spells.

Dungeon Overview and Level Annotations

Branches:
Dungeon (3/15)

Altars:
Cheibriados
Dithmenos
Okawaru


Innate Abilities, Weirdness & Mutations

You are under a permanent stasis effect.
You can dig through walls and to a lower floor.
Your four strong arms can wield two-handed weapons with a shield.
You have a pair of large antennae on your head (SInv).


Message History

You hit the ogre.
The ogre is moderately wounded.
You block the ogre's attack.
You slash the ogre!
The ogre is heavily wounded.
The ogre closely misses you.
You hit the ogre.
The ogre is severely wounded.
The ogre hits you with a giant spiked club!!
You slash the ogre!
The ogre is almost dead.
The ogre hits you with a giant spiked club!
You closely miss the ogre.
The ogre is almost dead.
The ogre hits you with a giant spiked club!
* * * LOW HITPOINT WARNING * * *
You closely miss the ogre.
The ogre is almost dead.
The ogre hits you with a giant spiked club!
You die...

#.#####.รท# #.#
###..#
#####.###.#..#
#........#...####
.###.#.###.......
#.##.#.....###
#.###.#...##
###.###........##
#...gO@.######.#
#.#.###.# .# ..$#
+# ##..# #..#
#..# #..# ..+


You could see an ogre and a goblin.

Vanquished Creatures
  Sigmund (D:2)
  An orc priest (D:3)
  Crazy Yiuf (D:2)
  Terence (D:2)
  4 adders
  7 worms
  4 giant geckos
  5 orcs (D:3)
  4 bats
  3 giant cockroaches
  15 hobgoblins
  7 kobolds
  2 quokkas
  A ball python (D:2)
  A giant newt (D:1)
  10 goblins
  9 rats
76 creatures vanquished.

Notes
Turn   | Place    | Note
--------------------------------------------------------------
     0 | D:1      | Murumi the Formicid Fighter began the quest for the Orb.
     0 | D:1      | Reached XP level 1. HP: 18/18 MP: 1/1
    67 | D:1      | Reached skill level 4 in Shields
   105 | D:1      | Reached XP level 2. HP: 24/24 MP: 2/2
   193 | D:1      | Reached skill level 1 in Dodging
   549 | D:1      | Reached XP level 3. HP: 29/29 MP: 3/3
  1087 | D:2      | Noticed Terence
  1094 | D:2      | Killed Terence
  1094 | D:2      | Reached XP level 4. HP: 28/37 MP: 4/4
  1208 | D:2      | Noticed Sigmund
  1220 | D:2      | Killed Sigmund
  1220 | D:2      | Reached skill level 5 in Armour
  1220 | D:2      | Reached XP level 5. HP: 5/42 MP: 5/5
  1220 | D:2      | Reached XP level 6. HP: 5/48 MP: 6/6
  1639 | D:2      | Found a snail-covered altar of Cheibriados.
  1741 | D:2      | Found an iron altar of Okawaru.
  1832 | D:2      | Reached skill level 6 in Armour
  1954 | D:2      | Noticed Crazy Yiuf
  1962 | D:2      | Killed Crazy Yiuf
  2823 | D:3      | Reached skill level 5 in Fighting
  2850 | D:3      | Reached XP level 7. HP: 8/56 MP: 7/7
  3162 | D:3      | Found a shadowy altar of Dithmenos.
  3225 | D:3      | Mangled by an ogre

Vault maps used:
D:1:      eino_arrival_water_cross, st_stairs_8
D:2:      okawaru_ov_weapons_minmay, lemuel_crystal_altar, glass_columns_b,
          uniq_crazy_yiuf_cottage, uniq_terence, uniq_sigmund
D:3:      nicolae_dithmenos_through_a_glass_darkly

Action                   |  1- 3 |  4- 6 |  7- 9 || total
-------------------------+-------+-------+-------++-------
Melee: Long sword        |   111 |   179 |    19 ||   309
  Use: Scroll            |     6 |     4 |       ||    10
       Potion            |       |     1 |       ||     1
  Eat: Chunk             |       |     7 |     1 ||     8
